 Dungeon Crawl Stone Soup version 0.30-a0-1008-g30c9307041 (webtiles) character file.

Game seed: 482370282728010436

57 Orangeyouglad the Charlatan (level 4, -10/33 HPs)
             Began as a Human Artificer on Apr 5, 2023.
             Killed themself with a badly aimed iceblast (19 damage)
             ... on level 2 of the Dungeon.
             The game lasted 00:05:24 (1424 turns).

Orangeyouglad the Charlatan (Human Artificer)       Turns: 1424, Time: 00:05:25

Health: -10/33     AC:  3    Str: 12    XL:     4   Next: 18%
Magic:  5/5        EV: 11    Int: 13    God:
Gold:   93         SH:  0    Dex: 14    Spells: 5/5 levels left

rFire   . . .      SeeInvis .    q - +0 rapier
rCold   . . .      Faith    .    (no shield)
rNeg    . . .      Spirit   .    b - +0 leather armour
rPois   .          Reflect  .    (no helmet)
rElec   .          Rampage  .    (no cloak)
rCorr   .                        (no gloves)
Will    .....                    (no boots)
Stlth   ++                       (no amulet)
HPRegen 0.25/turn                (no ring)
MPRegen 0.09/turn                (no ring)

@: no status effects
A: no striking features
a: no special abilities


You were on level 2 of the Dungeon.
You visited 1 branch of the dungeon, and saw 2 of its levels.

You collected 93 gold pieces.

Inventory:

Hand Weapons
 a - a +0 falchion
 g - a +0 dagger
 q - a +0 rapier (weapon)
 t - a +0 sling
Missiles
 i - 3 javelins
 o - 6 poisoned darts
Armour
 b - a +0 leather armour (worn)
Wands
 c - a wand of flame (9) (quivered)
 d - a wand of charming (13)
 e - a wand of iceblast (5)
Scrolls
 h - 2 scrolls of amnesia
 k - a scroll of silence {unknown}
 m - a scroll of teleportation {unknown}
 n - 3 scrolls of identify {unknown}
 p - 2 scrolls of enchant armour {unknown}
 r - a scroll of fear {unknown}
 s - 3 scrolls of torment {unknown}
 u - 3 scrolls of butterflies {unknown}
Potions
 f - a potion of heal wounds {unknown}
 j - a potion of curing {unknown}
 l - a potion of mutation {unknown}


   Skills:
 + Level 1.8 Fighting
 + Level 2.5 Armour
 + Level 1.7 Dodging
 + Level 1.9 Stealth
 + Level 1.0 Spellcasting
 - Level 3.0 Evocations


You had 5 spell levels left.
You didn't know any spells.
Your spell library was empty.

Dungeon Overview and Level Annotations

Branches:
Dungeon (2/15)

Altars:


Message History

a +0 falchion; a +0 leather armour; an orc corpse
There is an open door here.
You swap places.
There is an open door here.
Things that are here:
a +0 falchion; a +0 leather armour; an orc corpse
Items here: )) [[ †.
The orc wizard is no longer charmed.
The orc wizard attacks as you move away!
The orc wizard hits you with a +0 dagger of holy wrath.
The orc wizard casts a spell.
The orc wizard flickers and vanishes!
Deactivating autopickup; reactivate with Ctrl-A.
You hear some strange, mumbled words.
A magic dart appears from out of thin air!
The magic dart hits you!
You hit something but do no damage. Something hits you.
You closely miss something. Something hits you.
You miss something. Something hits you.
You closely miss something. Something hits you.
You hear some strange, mumbled words.
You are confused.
You are too confused!
You bump into the rock wall.
Something hits you but does no damage.
You closely miss something. Something hits you.
A magic dart appears from out of thin air!
The magic dart hits you.
* * * LOW HITPOINT WARNING * * *
Okay, then.
You feel less confused. Something hits you but does no damage.
Something hits you.
* * * LOW HITPOINT WARNING * * *
Aiming: Iceblast
Press: ? - help, Shift-Dir - straight line The mass of ice explodes!
The iceblast engulfs something!!
Reactivating autopickup.
You feel a bit more experienced. The iceblast engulfs you!!
Ouch! That really hurt!
You die...

....# #####.##.#
....#######.....##.#
....'))..##...^.##.#
....####..#.....##.#
....# ##....#.###.#
....# ####.>.###.###
....# ##.###....#
##### ###.###....#
#....)@....#
#..).#.....#
#....#.....#
###...)....#
#####....# ######


There were no monsters in sight!

Vanquished Creatures
  An orc wizard (D:2)
  An adder (D:2)
  A worm (D:2)
  A dart slug (D:2)
  An orc (D:2)
  4 endoplasms
  3 goblins
  5 hobgoblins
  A quokka (D:1)
  3 ball pythons
  5 bats
  2 frilled lizards (D:1)
  7 kobolds
  4 rats
39 creatures vanquished.

Vanquished Creatures (collateral kills)
  2 orcs (D:2)
2 creatures vanquished.

Grand Total: 41 creatures vanquished

Notes
Turn   | Place    | Note
-------+----------+-------------------------------------------
     0 | D:1      | Orangeyouglad the Human Artificer began the quest for the
                  | Orb.
     0 | D:1      | Reached XP level 1. HP: 15/15 MP: 1/1
   178 | D:1      | Reached XP level 2. HP: 21/21 MP: 2/2
   862 | D:1      | Reached XP level 3. HP: 22/26 MP: 3/3
  1220 | D:2      | Reached XP level 4. HP: 31/33 MP: 5/5
  1288 | D:2      | Reached skill level 1 in Spellcasting
  1424 | D:2      | Killed themself with a badly aimed iceblast

Illustrated notes

Levels and vault maps discovered:
D:1:      minmay_arrival_five_plusses, layout_basic
D:2:      layout_basic

Skill      XL: |  1  2  3  4 |
---------------+-------------+-----
Spellcasting   | 1 |  1.0
Fighting       | |  1.8
Armour         | |  2.5
Dodging        | |  1.7
Stealth        | |  1.9
Evocations     | |  3.0

Action                     |  1- 3 |  4- 6 || total
---------------------------+-------+-------++-------
  Melee: Club              |    18 |       ||    18
         Falchion          |    59 |       ||    59
         Dagger            |    11 |       ||    11
         Punch             |     1 |       ||     1
         Rapier            |    19 |    26 ||    45
  Evoke: Wand              |     6 |     2 ||     8
    Use: Scroll            |     1 |       ||     1
   Stab: Sleeping          |     3 |       ||     3
 Armour: Leather armour    |    45 |     5 ||    50
  Dodge: Dodged            |    83 |     9 ||    92

Table legend: (Time is in decaauts)
 A = Elapsed time spent in this place.
 B = Non-inter-level travel time spent in this place.
 C = Inter-level travel time spent in this place.
 D = Time resting spent in this place.
 E = Time spent auto-exploring this place.
 F = Levels seen in this place.
 G = Mean time per level.
                   A        B        C        D        E       F      G
               +--------+--------+--------+--------+--------+-----+--------+
         Total |   1454 |   1402 |     52 |     77 |    586 |   2 |  727.0 |
       Dungeon |   1454 |   1402 |     52 |     77 |    586 |   2 |  727.0 |
               +--------+--------+--------+--------+--------+-----+--------+

Top non-repeatable levels by time:
     D:1: 989 daAuts
     D:2: 465 daAuts
